 Dungeon Crawl Stone Soup version 0.30-a0-422-g946f4849ff (webtiles) character file.

Game seed: 6104925593689492002

75 lunkers the Twirler (level 4, -6/36 HPs)
             Began as a Meteoran Gladiator on Dec 8, 2022.
             Was an Initiate of Yredelemnul.
             Mangled by a gnoll
             ... wielding a +0 halberd
              (14 damage)
             ... on level 3 of the Dungeon.
             The game lasted 00:02:33 (1120 turns).

lunkers the Twirler (Meteoran Gladiator)            Turns: 1120, Time: 00:02:33

Health: -6/36      AC:  4    Str: 17    XL:     4   Next: 86%
Magic:  5/5        EV: 13    Int: 10    God:    Yredelemnul [......]
Gold:   165        SH:  0    Dex: 15    Spells: 3/3 levels left

rFire   . . .      SeeInvis .    a - +0 quarterstaff
rCold   . . .      Faith    .    (shield currently unavailable)
rNeg    . . .      Spirit   .    b - +0 leather armour
rPois   .          Reflect  .    c - +0 helmet
rElec   .          Harm     .    (no cloak)
rCorr   .          Rampage  .    (no gloves)
Will    .....                    (no boots)
Stlth   +.........               (no amulet)
HPRegen 0.26/turn                (no ring)
MPRegen 0.09/turn                (no ring)

@: glowing
A: sense surroundings 1, otherworldly, glowing, explore regen
a: Renounce Religion, Recall Undead Harvest


You were on level 3 of the Dungeon.
You worshipped Yredelemnul.
Yredelemnul was noncommittal.
You visited 1 branch of the dungeon, and saw 3 of its levels.

You collected 165 gold pieces.

Inventory:

Hand Weapons
 a - a +0 quarterstaff (weapon)
Missiles
 d - 3 throwing nets
 e - a javelin
Armour
 b - a +0 leather armour (worn)
 c - a +0 helmet (worn)
Wands
 m - a wand of mindburst (11)
Scrolls
 g - a scroll of teleportation {unknown}
 h - a scroll of identify {unknown}
 i - a scroll of silence {unknown}
 l - a scroll of blinking {unknown}
Potions
 f - a potion of degeneration {unknown}
 j - a potion of haste {unknown}
 k - a potion of mutation {unknown}
 n - a potion of flight {unknown}


   Skills:
 - Level 2.1 Fighting
 + Level 6.1 Staves
 - Level 2.4 Throwing
 - Level 3.6 Dodging


You had 3 spell levels left.
You didn't know any spells.
Your spell library contained the following spells:

 Spells                   Type           Power      Damage    Failure   Level
 Malign Gateway           Summ/Tloc      0%         N/A       100%        7
 Summon Horrible Things   Summ           0%         N/A       100%        8


Dungeon Overview and Level Annotations

Branches:
Dungeon (3/15) Zot: 675

Altars:
Yredelemnul

Shops:
D:2 (


Innate Abilities, Weirdness & Mutations

You passively map a small area around you.
You are easily found by Zot.
You glow in the dark.
You regain HP and MP as you explore.


Message History

Something hits your adder zombie!
Your adder zombie is destroyed!
The gnoll misses you. The gnoll barely misses you.
You barely miss the gnoll. The gnoll misses you.
You thump the gnoll!
The gnoll is almost dead.
The gnoll hits you with a +0 halberd!
You closely miss the gnoll.
The gnoll is almost dead.
The gnoll hits you but does no damage.
You closely miss the gnoll.
The gnoll is almost dead.
The gnoll closely misses you.
You hit the gnoll.
You kill the gnoll!
You hit the gnoll but do no damage.
The gnoll is moderately wounded.
The gnoll hits you with a +0 whip.
You hit the gnoll but do no damage.
The gnoll is moderately wounded.
The gnoll completely misses you.
You sock the gnoll!
You kill the gnoll!
Your Staves skill increases to level 6!
You hit the gnoll but do no damage. The gnoll barely misses you. x2
You closely miss the gnoll.
The gnoll hits you with the +1 flail "Jamaedil" {vorpal, rPois rF+}.
* * * LOW HITPOINT WARNING * * *
* * * LOW HITPOINT WARNING * * *
The gnoll hits you from afar with a +0 halberd!
* * * LOW HITPOINT WARNING * * *
You thump the gnoll!
The gnoll is severely wounded.
The gnoll closely misses you. The gnoll completely misses you.
You hit the gnoll.
You kill the gnoll!
The gnoll hits you from afar with a +0 halberd!
You die...
Your body rises from the dead as a mindless zombie.

#..# * #..# * #..#
######. ##.#
*....... * #.#
....... #.# ....)..
, #.# ###....... ,
#.#######...g...[..#
#...@)g...#...g.g..#
#.#########g.......
#.# ....... #.#
....... ## #.#
###..## #. #.#
#..####. #.#
#######Z...... #..,
>,........####.#
#######.####.#


You could see a gnoll.

Vanquished Creatures
  Ijyb (D:3)
  An adder (D:3)
  3 gnolls (D:3)
  A worm (D:3)
  4 bats
  3 endoplasms
  A goblin (D:1)
  A hobgoblin (D:3)
  3 kobolds
  A ball python (D:2)
  2 rats
21 creatures vanquished.

Vanquished Creatures (others)
  An adder zombie (D:3)
  A goblin zombie (D:3)
  A rat zombie (D:3)
3 creatures vanquished.

Grand Total: 24 creatures vanquished

Notes
Turn   | Place    | Note
-------+----------+-------------------------------------------
     0 | D:1      | lunkers the Meteoran Gladiator began the quest for the Orb.
     0 | D:1      | Reached XP level 1. HP: 17/17 MP: 2/2
   147 | D:1      | Reached skill level 4 in Staves
   270 | D:1      | Reached XP level 2. HP: 14/24 MP: 3/3
   408 | D:2      | Found Wino's Antique Weapon Shop.
   728 | D:3      | Found a basalt altar of Yredelemnul.
   736 | D:3      | Became a worshipper of Yredelemnul the Dark
   862 | D:3      | Reached skill level 5 in Staves
   862 | D:3      | Reached XP level 3. HP: 19/29 MP: 4/4
   880 | D:3      | Noticed Ijyb
   894 | D:3      | Killed Ijyb
   894 | D:3      | Reached * piety under Yredelemnul
   895 | D:3      | Reached XP level 4. HP: 23/36 MP: 5/5
   918 | D:3      | Your ally Ijyb died
  1097 | D:3      | Identified the +1 flail "Jamaedil" {vorpal, rPois rF+}
  1117 | D:3      | Reached skill level 6 in Staves
  1120 | D:3      | Mangled by a gnoll

Illustrated notes

Levels and vault maps discovered:
D:1:      dpeg_arrival_morbid_curiosity, layout_loops_corners
D:2:      layout_basic, serial_shops, nicolae_shop_crystal,
          dreamdust_wishing_well
D:3:      layout_loops_ring, mainiacjoe_overflow_tiny_flanked,
          biasface_ghost_orc_armoury, lemuel_flame_loot_1, uniq_ijyb

Skill      XL: |  1  2  3  4 |
---------------+-------------+-----
Staves         | 4 5 6 |  6.1
Fighting       | |  2.1
Throwing       | |  2.4
Dodging        | |  3.6

Action                   |  1- 3 |  4- 6 || total
-------------------------+-------+-------++-------
Melee: Quarterstaff      |    51 |    20 ||    71
 Stab: Distracted        |     1 |       ||     1
Armor: Leather armour    |    16 |     2 ||    18
Dodge: Dodged            |    31 |    14 ||    45

Table legend: (Time is in decaauts)
 A = Elapsed time spent in this place.
 B = Non-inter-level travel time spent in this place.
 C = Inter-level travel time spent in this place.
 D = Time resting spent in this place.
 E = Time spent auto-exploring this place.
 F = Levels seen in this place.
 G = Mean time per level.
                   A        B        C        D        E       F      G
               +--------+--------+--------+--------+--------+-----+--------+
         Total |   1123 |   1046 |     77 |      0 |    749 |   3 |  374.3 |
       Dungeon |   1123 |   1046 |     77 |      0 |    749 |   3 |  374.3 |
               +--------+--------+--------+--------+--------+-----+--------+

Top non-repeatable levels by time:
     D:3: 512 daAuts
     D:1: 327 daAuts
     D:2: 282 daAuts
